 Dungeon Crawl Stone Soup version 0.27-a0-148-g9515ab555c (webtiles) character file.

Game seed: 11335799024962386305

2102 lunkers the Fighter (level 9, 0/83 HPs)
             Began as a Hill Orc Hunter on Jan 26, 2021.
             Slain by an orc warrior
             ... wielding a +0 trident
              (14 damage)
             ... on level 7 of the Dungeon.
             The game lasted 00:09:29 (7139 turns).

lunkers the Fighter (Hill Orc Hunter)               Turns: 7139, Time: 00:09:30

Health: 0/83       AC: 13    Str: 18    XL:     9   Next: 28%
Magic:  18/18      EV:  6    Int: 11    God:
Gold:   255        SH:  0    Dex: 11    Spells: 8/8 levels left

rFire    . . .     SeeInvis .   a - +2 dagger (speed)
rCold    . . .     Faith    .   (no shield)
rNeg     . . .     Spirit   .   y - +0 plate armour
rPois    +         Reflect  .   (no helmet)
rElec    .         Harm     .   b - scarf {shadows}
rCorr    .         Rampage  .   (no gloves)
Will     .....                  q - +1 pair of boots
Stlth    ..........             k - amulet of the acrobat
HPRegen  0.23/turn              v - ring of poison resistance
MPRegen  0.16/turn              D - ring of magical power

@: no status effects
A: no striking features
a: Convert to Beogh


You were on level 7 of the Dungeon.
You visited 2 branches of the dungeon, and saw 8 of its levels.

You collected 255 gold pieces.

Inventory:

Hand Weapons
 a - a +2 dagger of speed (weapon)
 r - a +0 hunting sling
 u - a +0 short sword
Missiles
 c - 4 javelins
 d - 3 throwing nets {=f}
 h - 147 stones
 i - 60 sling bullets
 t - 16 poisoned darts (quivered)
 A - 5 boomerangs
Armour
 b - a scarf of shadows (worn)
 q - a +1 pair of boots (worn)
 y - a +0 plate armour (worn)
Jewellery
 k - an amulet of the acrobat (around neck)
 v - a ring of poison resistance (left hand)
 D - a ring of magical power (right hand)
Wands
 z - a wand of random effects (6)
Scrolls
 e - a scroll of fear {unknown}
 g - 7 scrolls of identify {unknown}
 j - 2 scrolls of teleportation {unknown}
 l - 5 scrolls of remove curse {unknown}
 m - a scroll of enchant weapon {unknown}
 p - 6 scrolls of amnesia {unknown}
 x - a scroll of immolation {unknown}
 C - a scroll of noise {unknown}
Potions
 f - 3 potions of curing {unknown}
 n - 3 potions of heal wounds {unknown}
 o - 2 potions of attraction {unknown}
 s - 2 potions of flight {unknown}
 w - a potion of might {unknown}
 B - a potion of mutation {unknown}
 E - a potion of berserk rage {unknown}
 F - a potion of invisibility {unknown}


   Skills:
 + Level 9.3 Fighting
 + Level 7.8 Throwing
 + Level 3.9 Armour
 - Level 1.5 Dodging
 - Level 0.7 Stealth
 + Level 3.5 Evocations


You had 8 spell levels left.
You didn't know any spells.
Your spell library contained the following spells:

 Spells                   Type           Power        Failure   Level
 Confusing Touch          Hex            0%           100%        3
 Gell's Gravitas          Tloc           0%           100%        3
 Petrify                  Tmut/Erth      0%           100%        4
 Metabolic Englaciation   Hex/Ice        0%           100%        5
 Yara's Violent Unravell  Hex/Tmut       0%           100%        5


Dungeon Overview and Level Annotations

Branches:
Dungeon (7/15)             Temple (1/1) D:6

Altars:
Ashenzari
Cheibriados
Dithmenos
Elyvilon
Fedhas
Gozag
Hepliaklqana
Makhleb
Nemelex Xobeh
Qazlal
Ru
Sif Muna
Uskayaw
Wu Jian
Xom
Zin
The Shining One


Message History

Evoke which item? (* to show all) (? for menu, Esc to quit)
Aiming: Random Effects
Press: ? - help, Shift-Dir - straight line, f/p - orc priest
Aim: an orc priest (almost dead)
The puff of flame hits something.
The orc priest threatens, "By the altar or by the axe, you will meet Beogh!"
Something hits you.
* * * LOW HITPOINT WARNING * * *
Something hits you!
* * * LOW HITPOINT WARNING * * *
Evoke which item? (* to show all) (? for menu, Esc to quit)
Aiming: Random Effects
Press: ? - help, Shift-Dir - straight line, f/p - orc priest
Aim: an orc priest (almost dead) Nothing appears to happen.
The orc priest mumbles some strange prayers to Beogh against you.
Beogh smites you!
* * * LOW HITPOINT WARNING * * *
Something hits you!
You die...

......#####.##
........<....#
.............#
#####........#
#........#
#######.## #.#
#.#############
#.....@({oo....
###############


You could see an orc priest and an orc.

Vanquished Creatures
  Pikel (D:6)
  Eustachio (D:4)
  Duvessa (D:7)
  2 phantoms (D:5)
  3 ogres
  A centaur (D:7)
  4 lemures (D:6)
  2 bullfrogs (D:7)
  Dowan (D:7)
  3 scorpions
  A jelly (D:5)
  2 orc priests
  2 hounds (D:4)
  4 orc wizards
  A bullfrog skeleton (D:4)
  5 worker ants
  A hound skeleton (D:4)
  A worker ant zombie (D:7)
  5 adders
  2 worms (D:4)
  2 adder skeletons (D:4)
  2 dart slugs (D:1)
  7 leopard geckos
  16 orcs
  5 giant cockroaches
  A goblin (D:3)
  5 hobgoblins
  7 jackals
  4 kobolds
  3 quokkas (D:2)
  2 ball pythons
  7 bats
  A frilled lizard (D:2)
  6 rats
111 creatures vanquished.

Notes
Turn   | Place    | Note
-------+----------+-------------------------------------------
     0 | D:1      | lunkers the Hill Orc Hunter began the quest for the Orb.
     0 | D:1      | Reached XP level 1. HP: 18/18 MP: 1/1
    95 | D:1      | Reached skill level 3 in Fighting
    95 | D:1      | Reached XP level 2. HP: 26/26 MP: 2/2
   630 | D:2      | Reached XP level 3. HP: 31/31 MP: 3/3
   808 | D:2      | Found a burning altar of Makhleb.
   974 | D:2      | Found a hazy altar of Hepliaklqana.
  1674 | D:3      | Reached skill level 4 in Fighting
  1674 | D:3      | Reached XP level 4. HP: 30/40 MP: 4/4
  2082 | D:3      | Reached XP level 5. HP: 46/47 MP: 5/5
  2794 | D:4      | Reached skill level 5 in Fighting
  2794 | D:4      | Reached skill level 5 in Throwing
  3035 | D:4      | Reached XP level 6. HP: 56/56 MP: 6/6
  3214 | D:4      | Found a stormy altar of Qazlal.
  3274 | D:4      | Found a glowing golden altar of the Shining One.
  3275 | D:4      | Noticed Eustachio
  3296 | D:4      | Reached skill level 6 in Fighting
  3321 | D:4      | Reached XP level 7. HP: 45/64 MP: 7/7
  3460 | D:4      | Killed Eustachio
  3580 | D:4      | Reached skill level 7 in Fighting
  4135 | D:4      | Reached XP level 8. HP: 72/74 MP: 8/8
  4283 | D:5      | Entered Level 5 of the Dungeon
  4306 | D:5      | Found a shadowy altar of Dithmenos.
  4459 | D:5      | Reached skill level 8 in Fighting
  4582 | D:5      | Found an opulent altar of Gozag.
  4925 | D:5      | Reached skill level 1 in Armour
  5235 | D:6      | Found a snail-covered altar of Cheibriados.
  5409 | D:6      | Found a broken altar of Ashenzari.
  5440 | D:6      | Found a staircase to the Ecumenical Temple.
  5494 | D:6      | Noticed Pikel
  5695 | D:6      | Killed Pikel
  6152 | Temple   | Entered the Ecumenical Temple
  6297 | D:7      | Reached skill level 9 in Fighting
  6331 | D:7      | Reached XP level 9. HP: 81/83 MP: 9/9
  6747 | D:7      | Noticed Duvessa
  6747 | D:7      | Noticed Dowan
  6807 | D:7      | Killed Duvessa
  6885 | D:7      | Killed Dowan
  7139 | D:7      | Slain by an orc warrior

Illustrated notes

Levels and vault maps discovered:
D:1:      minmay_arrival_hallway, layout_rooms
D:2:      layout_basic, lemuel_doored_altar, nzn_hepliaklqana_mist_gate
D:3:      layout_loops_corners
D:4:      minmay_chambers_of_threes, layout_loops_ring, kennysheep_little_box,
          tso_metal_star, uniq_eustachio
D:5:      layout_loops_ring, lemuel_coloured_pillars_altar, old_standard_altar,
          serial_park_tiny_1, corner_web_ring, kennysheep_pointless_box
D:6:      layout_loops_ring, lemuel_crystal_altar, lemuel_round_altar,
          minmay_temple_entry_grid, uniq_pikel
D:7:      layout_basic, serial_shops, kennysheep_mini_moat, uniq_duvessa
Temple:   dpeg_three_leaves_temple

Skill      XL: |  1  2  3  4  5  6  7  8  9 |
---------------+----------------------------+-----
Fighting       | 3 4 5 6 7 9 |  9.3
Throwing       | 4 5 6 7 |  7.8
Armour         | 3 |  3.9
Evocations     | 2 3 |  3.5
Dodging        | |  1.5
Stealth        | |  0.7

Action                   |  1- 3 |  4- 6 |  7- 9 || total
-------------------------+-------+-------+-------++-------
Melee: Short sword       |    43 |   149 |    54 ||   246
       Dagger            |       |       |   292 ||   292
Throw: Javelin           |    30 |     1 |       ||    31
       Dart              |    30 |   109 |   126 ||   265
Evoke: Wand              |       |       |    15 ||    15
Armor: Leather armour    |     7 |       |       ||     7
       Chain mail        |    22 |    53 |       ||    75
       Plate armour      |       |    34 |   174 ||   208
Dodge: Dodged            |    22 |    38 |    84 ||   144

Table legend: (Time is in decaauts)
 A = Elapsed time spent in this place.
 B = Non-inter-level travel time spent in this place.
 C = Inter-level travel time spent in this place.
 D = Time resting spent in this place.
 E = Time spent auto-exploring this place.
 F = Levels seen in this place.
 G = Mean time per level.
                   A        B        C        D        E       F      G
               +--------+--------+--------+--------+--------+-----+--------+
         Total |   7001 |   6695 |    306 |    363 |   5177 |   8 |  875.1 |
       Dungeon |   6916 |   6627 |    289 |    363 |   5109 |   7 |  988.0 |
        Temple |     84 |     68 |     16 |      0 |     68 |   1 |   84.0 |
               +--------+--------+--------+--------+--------+-----+--------+

Top non-repeatable levels by time:
     D:4: 1494 daAuts
     D:3: 1292 daAuts
     D:2: 963 daAuts
     D:6: 940 daAuts
     D:5: 925 daAuts
     D:7: 785 daAuts
     D:1: 514 daAuts
  Temple: 84 daAuts
